 Dungeon Crawl Stone Soup version 0.29-a0-1033-gb6c65ffae6 (webtiles) character file.

Game seed: 13164348562256487218

3668 Manisian the Covert (level 9, 0/41 HPs)
             Began as a Spriggan Enchanter on Aug 14, 2022.
             Was a Believer of Dithmenos.
             Killed from afar by a steam dragon (13 damage)
             ... with a ball of steam
             ... on level 7 of the Dungeon.
             The game lasted 00:22:05 (10765 turns).

Manisian the Covert (Spriggan Enchanter)           Turns: 10765, Time: 00:22:07

Health: 0/41       AC:  4    Str:  6    XL:     9   Next: 89%
Magic:  14/22      EV: 17    Int: 19    God:    Dithmenos [**....]
Gold:   502        SH:  9    Dex: 15    Spells: 15/24 levels left

rFire   . . .      SeeInvis +   y - +2 dagger (venom)
rCold   . . .      Faith    .   f - +3 warlock's mirror {reflect}
rNeg    . . .      Spirit   .   b - +2 robe
rPois   +          Reflect  +   (helmet restricted)
rElec   .          Harm     .   (no cloak)
rCorr   +          Rampage  .   (gloves unavailable)
Will    +....                   (boots unavailable)
Stlth   ++++++....              (no amulet)
HPRegen 0.13/turn               h - ring of resist corrosion
MPRegen 0.18/turn               c - ring of poison resistance

@: wreathed by umbra, very quick
A: very small, no large weapons, unfitting armour, see invisible, speed 3
a: Renounce Religion, Shadow Step


You were on level 7 of the Dungeon.
You worshipped Dithmenos.
Dithmenos was pleased with you.
You visited 2 branches of the dungeon, and saw 8 of its levels.
You also visited: Ossuary.

You collected 502 gold pieces.

Inventory:

Hand Weapons
 a - a +1 dagger
 y - a +2 dagger of venom (weapon)
Missiles
 i - 96 stones (quivered)
 k - 25 poisoned darts
 m - 4 atropa-tipped darts
 q - a throwing net
Armour
 b - a +2 robe (worn)
 f - the +3 warlock's mirror (worn) {reflect}
   (You acquired it on level 2 of the Dungeon)

   It can block and reflect piercing ranged attacks and magical attacks against
   the wielder's willpower.
Jewellery
 c - a ring of poison resistance (right hand)
 h - a ring of resist corrosion (left hand)
Wands
 x - a wand of paralysis (9)
Scrolls
 g - a scroll of identify
 n - a scroll of poison
 o - a scroll of summoning
 r - 7 scrolls of teleportation
 s - a scroll of blinking
 t - a scroll of enchant armour
Potions
 d - a potion of experience
 e - 3 potions of curing
 j - 2 potions of ambrosia
 l - 2 potions of berserk rage
 p - 3 potions of mutation
 u - 2 potions of invisibility
 v - a potion of haste
 w - a potion of lignification


   Skills:
 + Level 1.4 Fighting
 + Level 5.4 Short Blades
 - Level 0.3(2.5) Long Blades
 - Level 0.1(0.4) Axes
 - Level 0.2(0.3) Maces & Flails
 - Level 0.2(0.3) Polearms
 - Level 0.1(0.3) Staves
 - Level 0.2 Ranged Weapons
 - Level 0.3 Armour
 + Level 4.6 Dodging
 - Level 11.0 Stealth
 + Level 2.4 Shields
 - Level 0.1 Unarmed Combat
 + Level 8.2 Spellcasting
 + Level 0.5 Conjurations
 + Level 8.8 Hexes
 - Level 0.6 Summonings
 - Level 0.4 Necromancy
 - Level 0.4 Translocations
 - Level 0.7 Transmutations
 - Level 0.1 Fire Magic
 - Level 2.0 Ice Magic
 - Level 0.1 Air Magic
 - Level 0.2 Earth Magic
 - Level 0.3 Poison Magic
 - Level 0.6 Invocations
 - Level 1.1 Evocations


You had 15 spell levels left.
You knew the following spells:

 Your Spells              Type           Power      Damage    Failure   Level
a - Ensorcelled Hibernat  Hex/Ice        56%        N/A       3%          2
b - Confusing Touch       Hex            41%        N/A       1%          3
c - Slow                  Hex            100%       N/A       1%          1
d - Dazzling Flash        Conj/Hex       50%        N/A       8%          3

Your spell library contained the following spells:

 Spells                   Type           Power      Damage    Failure   Level
 Tukima's Dance           Hex            41%        N/A       1%          3
 Inner Flame              Hex/Fire       24%        N/A       9%          3
 Foxfire                  Conj/Fire      36%        2x1d5     16%         1
 Blink                    Tloc           18%        N/A       22%         2
 Passwall                 Tmut/Erth      7%         N/A       22%         2
 Gell's Gravitas          Tloc           9%         N/A       41%         3
 Lesser Beckoning         Tloc           9%         N/A       41%         3
 Teleport Other           Tloc           9%         N/A       41%         3
 Vampiric Draining        Necr           9%         2d6       41%         3
 Conjure Flame            Conj/Fire      9%         6-21      43%         3
 Swiftness                Air            8%         N/A       45%         3
 Dispel Undead            Necr           9%         3d8       83%         4
 Corpse Rot               Necr/Pois/Air  9%         N/A       85%         4
 Flame Wave               Conj/Fire      9%         2d6       85%         4
 Manifold Assault         Tloc           9%         N/A       99%         5
 Death Channel            Necr           4%         N/A       100%        6


Dungeon Overview and Level Annotations

Branches:
Dungeon (7/15)             Temple (1/1) D:4         Ossuary (visited)

Altars:
Ashenzari
Cheibriados
Dithmenos
Elyvilon
Fedhas
Hepliaklqana
Kikubaaqudgha
Makhleb
Nemelex Xobeh
Okawaru
Qazlal
Ru
Sif Muna
Trog
Uskayaw
Vehumet
Wu Jian
Xom
Zin
The Shining One

Annotations:
D:3 2 transporters, Tollund's ghost, novice GnHW
D:7 4 runed translucent doors


Innate Abilities, Weirdness & Mutations

You are very small and have problems with some larger weapons.
You are too small for most types of armour.
You have supernaturally acute eyesight. (SInv)
You cover ground extremely quickly. (Speed+++)


Message History

You hear an angry growl.
You hear a shout!
There are monsters nearby!
Casting: Ensorcelled Hibernation (safe; 3% risk of failure)
Confirm with . or Enter, or press ? or * to list all spells.
Aiming: Ensorcelled Hibernation (safe; 3% risk of failure)
Press: ? - help, Shift-Dir - straight line, f - bullfrog
Aim: a bullfrog (umbra, chance to affect: 59%)
The bullfrog resists with significant effort.
The bullfrog completely misses you.
Casting: Ensorcelled Hibernation (safe; 3% risk of failure)
Confirm with . or Enter, or press ? or * to list all spells.
Aiming: Ensorcelled Hibernation (safe; 3% risk of failure)
Press: ? - help, Shift-Dir - straight line, f/p - bullfrog
Aim: a bullfrog (umbra, chance to affect: 59%)
The bullfrog looks drowsy...
The helpless bullfrog fails to defend itself.
You stick the bullfrog like a pincushion!!!
You kill the bullfrog!
Dithmenos accepts your kill. The steam dragon breathes steam at you.
The ball of steam hits you!
You hear an angry growl.
You hear a shout!
Casting: Ensorcelled Hibernation (safe; 3% risk of failure)
Confirm with . or Enter, or press ? or * to list all spells.
Aiming: Ensorcelled Hibernation (safe; 3% risk of failure)
Press: ? - help, Shift-Dir - straight line, f - steam dragon
Aim: a steam dragon (umbra, chance to affect: 59%)
The steam dragon resists with significant effort.
You are engulfed in a cloud of scalding steam.
You hear an angry hiss.
Casting: Ensorcelled Hibernation (safe; 3% risk of failure)
Confirm with . or Enter, or press ? or * to list all spells.
Aiming: Ensorcelled Hibernation (safe; 3% risk of failure)
Press: ? - help, Shift-Dir - straight line, f/p - steam dragon
Aim: a steam dragon (steam, umbra, chance to affect: 59%)
The steam dragon resists with significant effort.
You are engulfed in a cloud of scalding steam.
The steam dragon breathes steam at you. The ball of steam hits you!
You die...

#....# #.# ##+#........##.#.#
#.##.# #.# ##....######......#
#.##.###.###....##8..8##.#...#
#<.......##.....#8....8#.#...#
###...####......+......+....[#
.........'......+o.....+.....#
###...####......#8..T.8#..#.##
##.## ##.....##8.|8##.##.#
...# #......@######[....##
#.### #...###D# #'###..# #.
#..## #.# ###...##.# # ##.#
.## #:##.#.#.# ####.# #
#)#.##)#.# ....# #.##.#.#.#
#..# #).###.#.# #..#
####....##.#
#..######..######..#


You could see a steam dragon (catching breath).

Vanquished Creatures
  A gargoyle (D:7)
  Grinder (D:6)
  A wraith (Ossuary)
  A steam dragon (D:7)
  An ice beast (D:5)
  2 water moccasins
  2 orc warriors
  2 sky beasts
  3 ogres
  2 centaurs
  2 kobold brigands (D:7)
  2 bullfrogs
  2 water moccasin zombies (Ossuary)
  3 vampire bats (D:3)
  4 bullfrog zombies (Ossuary)
  3 centaur zombies (Ossuary)
  5 hounds
  6 orc priests
  2 jellies
  Jessica (D:2)
  4 iguanas
  9 orc wizards
  2 ogre zombies (Ossuary)
  5 gnolls
  8 adders
  3 white imps
  2 adder zombies (Ossuary)
  4 worms
  5 dart slugs
  25 orcs
  9 bats
  2 bat skeletons (D:3)
  5 bat zombies (D:3)
  6 endoplasms
  14 giant cockroaches
  2 gnoll zombies (Ossuary)
  12 goblins
  2 hobgoblins
  4 quokkas
  10 ball pythons
  7 frilled lizards
  A goblin zombie (Ossuary)
  3 hobgoblin zombies
  2 jackal zombies (D:6)
  12 kobolds
  2 orc zombies (Ossuary)
  6 rats
212 creatures vanquished.

Vanquished Creatures (others)
  A goblin (D:4)
1 creature vanquished.

Grand Total: 213 creatures vanquished

Notes
Turn   | Place    | Note
-------+----------+-------------------------------------------
     0 | D:1      | Manisian the Spriggan Enchanter began the quest for the
                  | Orb.
     0 | D:1      | Reached XP level 1. HP: 9/9 MP: 5/5
    65 | D:1      | Reached skill level 5 in Stealth
    65 | D:1      | Reached XP level 2. HP: 12/13 MP: 6/6
   216 | D:1      | Learned a level 2 spell: Ensorcelled Hibernation
   467 | D:1      | Found a faded altar of an unknown god.
  1212 | D:2      | Reached XP level 3. HP: 16/16 MP: 8/8
  1512 | D:2      | Learned a level 3 spell: Confusing Touch
  1516 | D:2      | Learned a level 3 spell: Dazzling Flash
  2047 | D:2      | Noticed Jessica
  2052 | D:2      | Killed Jessica
  2053 | D:2      | Reached XP level 4. HP: 21/21 MP: 4/10
  2151 | D:2      | Identified the +0 leather armour "Muenoeph" {Will+}
  2453 | D:2      | Found an ornate altar of the Wu Jian Council.
  2503 | D:2      | Identified the +9 short sword of the Endless March {drain,
                  | rPois Will+}
  2569 | D:2      | Reached skill level 6 in Stealth
  2803 | D:2      | Reached XP level 5. HP: 22/24 MP: 6/11
  3061 | D:2      | Identified a scroll of acquirement
  3061 | D:2      | Acquired the +3 warlock's mirror {reflect}
  3061 | D:2      | Found the +3 warlock's mirror {reflect}
  3303 | D:3      | Reached skill level 1 in Ice Magic
  3319 | D:3      | Reached skill level 5 in Hexes
  3552 | D:3      | Found a transporter.
  3576 | D:3      | Found a transporter.
  4184 | D:3      | Noticed Tollund's ghost (novice GnHW)
  4416 | D:3      | Found an ancient bone altar of Kikubaaqudgha.
  4442 | D:3      | Reached XP level 6. HP: 12/28 MP: 8/13
  5229 | D:4      | Reached skill level 1 in Evocations
  5248 | D:5      | Entered Level 5 of the Dungeon
  5446 | D:4      | Reached XP level 7. HP: 29/32 MP: 3/14
  6341 | D:4      | Found a staircase to the Ecumenical Temple.
  6360 | Temple   | Entered the Ecumenical Temple
  6536 | Temple   | Became a worshipper of Dithmenos the Shadowed
  6586 | D:4      | Learned a level 1 spell: Slow
  6710 | D:4      | Reached skill level 1 in Shields
  6837 | D:4      | Reached skill level 7 in Stealth
  7572 | D:5      | Reached * piety under Dithmenos
  7749 | D:5      | Reached skill level 8 in Stealth
  7749 | D:5      | Reached XP level 8. HP: 37/37 MP: 11/16
  7790 | D:5      | Reached skill level 5 in Spellcasting
  8519 | D:6      | Found a sand-covered staircase.
  8543 | Ossuary  | Entered an ossuary
  8624 | Ossuary  | Reached skill level 9 in Stealth
  9012 | Ossuary  | Reached skill level 1 in Fighting
  9092 | Ossuary  | Reached ** piety under Dithmenos
  9159 | Ossuary  | Reached skill level 10 in Stealth
  9169 | Ossuary  | Noticed a silent spectre
  9254 | D:6      | Reached XP level 9. HP: 41/41 MP: 16/19
  9654 | D:6      | Noticed Grinder
  9660 | D:6      | Killed Grinder
  9661 | D:6      | Reached skill level 11 in Stealth
  9757 | D:6      | Found a snail-covered altar of Cheibriados.
  9757 | D:6      | Found a burning altar of Makhleb.
  9765 | D:6      | Found a faded altar of an unknown god.
  9767 | D:6      | Found a faded altar of an unknown god.
  9769 | D:6      | Found a hazy altar of Hepliaklqana.
 10332 | D:7      | Reached skill level 5 in Short Blades
 10582 | D:7      | Found a large runed translucent door.
 10582 | D:7      | Found a large runed translucent door.
 10610 | D:7      | Noticed a gargoyle
 10615 | D:7      | Killed a gargoyle
 10636 | D:7      | Noticed a troll
 10638 | D:7      | Identified the +0 ring mail of the Other Side {rElec Int-2
                  | SInv}
 10642 | D:7      | Found a large runed translucent door.
 10642 | D:7      | Found a large runed translucent door.
 10765 | D:7      | Killed from afar by a steam dragon

Illustrated notes

Levels and vault maps discovered:
D:1:      zelgadis_glass_arrival_small, layout_rooms,
          ebering_ecumenical_altar_hall, serial_forest,
          infiniplex_forest_corner_1, infiniplex_forest_straight_4,
          infiniplex_forest_corner_1, infiniplex_forest_side_room,
          infiniplex_forest_lined_room_2, infiniplex_forest_straight_1,
          infiniplex_forest_clump_medium, infiniplex_forest_lined_2,
          minmay_ruptured
D:2:      layout_loops_corners, basic_altar, nicolae_kite_square_tiling_tiny,
          minmay_circled_x, uniq_jessica
D:3:      minmay_roachtagon, layout_rooms, kennysheep_vampire_church,
          gammafunk_ghost_stat_death
D:4:      minmay_thinvault, layout_cave_pods, minmay_temple_entry_slanted,
          chequers_mini_garden, minmay_ogre_servants
D:5:      layout_loops_ring
D:6:      hellmonk_crumbling_castle, layout_loops_ring,
          chequers_temple_overflow_minitemple, enter_ossuary_3,
          hangedman_decor_points, uniq_grinder
D:7:      layout_loops_corners, minmay_hollow_rounded_squares, uniq_duvessa
Temple:   nicolae_temple_slightly_damp_pantheon

Skill      XL: |  1  2  3  4  5  6  7  8  9 |
---------------+----------------------------+-----
Stealth        | 5 6 8 10 11 | 11.0
Hexes          | 4 5 6 7 8 |  8.8
Spellcasting   | 3 4 6 8 |  8.2
Dodging        | 3 4 |  4.6
Short Blades   | 2 3 5 |  5.4
Ice Magic      | 2 |  2.0
Evocations     | 1 |  1.1
Shields        | 1 2 |  2.4
Fighting       | 1 |  1.4
Long Blades    | |  0.3
Axes           | |  0.1
Maces & Flails | |  0.2
Polearms       | |  0.2
Staves         | |  0.1
Ranged Weapons | |  0.2
Armour         | |  0.3
Unarmed Combat | |  0.1
Conjurations   | |  0.5
Summonings     | |  0.6
Necromancy     | |  0.4
Translocations | |  0.4
Transmutations | |  0.7
Fire Magic     | |  0.1
Air Magic      | |  0.1
Earth Magic    | |  0.2
Poison Magic   | |  0.3
Invocations    | |  0.6

Action                   |  1- 3 |  4- 6 |  7- 9 || total
-------------------------+-------+-------+-------++-------
Melee: Dagger            |    78 |   218 |   276 ||   572
       Punch             |     1 |       |       ||     1
Throw: Stone             |     1 |     5 |     3 ||     9
 Cast: Ensorcelled Hiber |    22 |    62 |    81 ||   165
       Confusing Touch   |       |     7 |    12 ||    19
       Dazzling Flash    |       |     1 |     2 ||     3
  Use: Scroll            |     3 |     8 |    11 ||    22
       Potion            |     1 |     5 |       ||     6
 Stab: Sleeping          |    16 |    40 |    83 ||   139
       Invisible         |     1 |     4 |     4 ||     9
       Confused          |       |     6 |    14 ||    20
Armor: Robe              |    15 |    41 |    26 ||    82
       Skin              |       |    17 |       ||    17
Dodge: Dodged            |    77 |   270 |   144 ||   491
Block: Buckler           |       |       |    91 ||    91
       Reflection        |       |       |     4 ||     4

Table legend: (Time is in decaauts)
 A = Elapsed time spent in this place.
 B = Non-inter-level travel time spent in this place.
 C = Inter-level travel time spent in this place.
 D = Time resting spent in this place.
 E = Time spent auto-exploring this place.
 F = Levels seen in this place.
 G = Mean time per level.
                   A        B        C        D        E       F      G
               +--------+--------+--------+--------+--------+-----+--------+
         Total |   8749 |   8544 |    205 |   1513 |   5483 |   9 |  972.1 |
       Dungeon |   8042 |   7856 |    186 |   1239 |   5338 |   7 | 1148.9 |
        Temple |    121 |    102 |     19 |      0 |     89 |   1 |  121.0 |
       Ossuary |    585 |    585 |      0 |    274 |     55 |   1 |  585.0 |
               +--------+--------+--------+--------+--------+-----+--------+

Top non-repeatable levels by time:
     D:2: 1700 daAuts
     D:4: 1621 daAuts
     D:3: 1454 daAuts
     D:5: 1107 daAuts
     D:1: 995 daAuts
     D:6: 587 daAuts
 Ossuary: 585 daAuts
     D:7: 575 daAuts
  Temple: 121 daAuts
